 Dungeon Crawl Stone Soup version 0.14-a0-805-gc239e29 (console) character file.

108 Illaniel the Charmwright (level 3, 0/23 HPs)
             Began as a High Elf Skald on Nov 11, 2013.
             Was an Initiate of Okawaru.
             Succumbed to an adder's poison
             ... on Level 2 of the Dungeon.
             The game lasted 00:04:36 (1136 turns).

Illaniel the Charmwright (High Elf Skald)           Turns: 1136, Time: 00:04:36

HP   0/23        AC  3     Str 11      XL: 3   Next: 58%
MP   3/8         EV 11     Int 15      God: Okawaru [......]
Gold 57          SH  0     Dex 14      Spells:  3 memorised,  2 levels left

Res.Fire  : . . .   See Invis. : .   a - +0 elf falchion
Res.Cold  : . . .   Warding    : .   b - +0 elf leather armour
Life Prot.: . . .   Conserve   : .   (no shield)
Res.Poison: .       Res.Corr.  : .   (no helmet)
Res.Elec. : .       Clarity    : .   (no cloak)
Sust.Abil.: . .     Spirit.Shd : .   (no gloves)
Res.Mut.  : .       Stasis     : .   (no boots)
Res.Rott. : .       Flight     : .   (no amulet)
Saprovore : . . .                    (no ring)
                                     n - cursed -2 ring of intelligence

@: mildly poisoned, slightly resistant to hostile enchantments, unstealthy
A: no striking features
a: Renounce Religion


You were on level 2 of the Dungeon.
You worshipped Okawaru.
Okawaru was noncommittal.
You were not hungry.

You visited 1 branch of the dungeon, and saw 2 of its levels.

You collected 57 gold pieces.

Inventory:

Hand weapons
 a - a +0,+0 elven falchion (weapon)
Missiles
 g - 2 exploding darts (quivered)
 h - 7 poisoned needles
 k - 2 curare-tipped needles
Armour
 b - a +0 elven leather armour (worn)
Comestibles
 d - a bread ration
Scrolls
 e - 2 scrolls of curse armour {unknown}
 f - a scroll of identify {unknown}
 i - a scroll of noise {unknown}
 j - a scroll of remove curse {unknown}
 l - a scroll of magic mapping {unknown}
Jewellery
 n - a cursed -2 ring of intelligence (left hand)
 p - an uncursed ring of protection from magic {unknown}
Books
 c - a book of Battle

   Spells                             Type                      Level
   *Infusion                          Charms                       1
   *Shroud of Golubria                Charms/Translocation         2
   *Song of Slaying                   Charms                       2
   Spectral Weapon                    Hexes/Charms                 3
   Regeneration                       Charms/Necromancy            3


   Skills:
 + Level 2.3 Fighting
 * Level 3.1 Long Blades
 + Level 1.6 Armour
 + Level 1.9 Dodging
 + Level 2.6 Spellcasting
 * Level 3.9 Charms


You had 2 spell levels left.
You knew the following spells:

 Your Spells              Type           Power        Failure   Level  Hunger
a - Infusion              Chrm           ##....       4%          1    #......
b - Song of Slaying       Chrm           ##......     8%          2    ##.....
h - Shroud of Golubria    Chrm/Tloc      #.........   14%         2    ##.....


Dungeon Overview and Level Annotations

Branches:
Dungeon (2/27)

Altars:
Okawaru
Xom


Message History

You feel sick.
You finish chopping the bat corpse into pieces.
m - a chunk of bat flesh Eating a chunk of bat flesh.
This raw flesh tastes terrible.
* * * LOW HITPOINT WARNING * * *
You feel sick.
You continue eating.
You are feeling less magically infused.
You start resting.
* * * LOW HITPOINT WARNING * * *
You feel sick.
You start resting.
* * * LOW HITPOINT WARNING * * *
You feel sick.
Your attacks are no longer magically infused.
You start resting.
* * * LOW HITPOINT WARNING * * *
You feel sick.
You start resting.
You die...

▒ ▒∙∙∙∙∙ ▒∙▒∙∙∙∙▒
▒ ▒∙▒∙∙∙∙▒ ∙
▒∙∙∙∙∙∙▒▒▒▒ ▒
▒∙∙∙∙∙∙∙∙∙▒ ▒ ▒
▒∙∙∙∙∙∙∙∙∙▒ ∙▒ ▒
▒∙∙∙∙∙∙∙∙)▒▒▒∙∙▒
▒ ▒∙∙∙∙∙∙▒▒▒∙∙∙∙▒
▒∙▒▒∙∙∙▒ ▒∙▒▒∙▒
∙∙ ▒∙∙∙▒ ▒∙▒ ▒ ▒▒
▒▒@▒▒ ▒∙▒ ▒∙▒
▒▒∙▒▒ ▒▒∙▒▒▒∙∙∙▒
▒∙∙∙∙∙∙∙∙▒
▒▒∙▒∙▒▒∙∙∙▒∙▒
▒▒▒▒∙∙∙∙∙∙∙∙∙∙∙▒
∙∙∙∙∙∙∙∙∙∙∙∙∙∙∙∙▒
▒▒▒▒∙∙▒∙▒▒▒▒▒▒▒▒
▒▒∙∙▒∙▒
▒▒▒▒▒▒▒∙∙∙▒∙▒
∙∙∙∙∙∙∙∙∙∙▒▒∙▒


There were no monsters in sight!

Vanquished Creatures
  2 adders (D:2)
  2 giant geckos
  An ooze (D:1)
  4 bats
  4 giant cockroaches
  3 hobgoblins
  2 jackals (D:1)
  2 giant newts
  3 goblins
  2 kobolds
  A quokka (D:2)
  5 rats
31 creatures vanquished.

Notes
Turn   | Place    | Note
--------------------------------------------------------------
     0 | D:1      | Illaniel, the High Elf Skald, began the quest for the Orb.
     0 | D:1      | Reached XP level 1. HP: 13/13 MP: 4/4
   128 | D:2      | Reached skill level 1 in Armour
   169 | D:2      | Found a shimmering altar of Xom.
   176 | D:2      | Found an iron altar of Okawaru.
   187 | D:2      | Became a worshipper of Warmaster Okawaru
   213 | D:2      | Reached XP level 2. HP: 13/18 MP: 0/6
   217 | D:2      | Learned a level 2 spell: Song of Slaying
   220 | D:2      | Learned a level 2 spell: Shroud of Golubria
   954 | D:2      | Reached XP level 3. HP: 19/23 MP: 1/8
  1134 | D:2      | HP: 1/23 [poisoned by an adder]
  1136 | D:2      | Succumbed to an adder's poison

Action                   || total
-------------------------++-------
Melee: Falchion          ||    86
 Cast: Infusion          ||    18
       Shroud of Golubri ||     6
  Use: Potion            ||     1
 Stab: Sleeping          ||     1
